 Dungeon Crawl Stone Soup version 0.28-a0-1002-gf00fe891ef (webtiles) character file.

Game seed: 17474772758947893933

10 miscthings the Charlatan (level 2, -1/14 HPs)
             Began as a Vine Stalker Artificer on Dec 6, 2021.
             Slain by a goblin (3 damage)
             ... on level 1 of the Dungeon.
             The game lasted 00:00:28 (326 turns).

miscthings the Charlatan (Vine Stalker Artificer)    Turns: 326, Time: 00:00:29

Health: -1/14      AC:  3    Str: 14    XL:     2   Next: 20%
Magic:  0/3        EV: 11    Int: 11    God:
Gold:   47         SH:  0    Dex: 14    Spells: 1/1 levels left

rFire   . . .      SeeInvis .   g - +0 dagger
rCold   . . .      Faith    .   (no shield)
rNeg    . . .      Spirit   +   b - +0 leather armour
rPois   .          Reflect  .   (no helmet)
rElec   .          Harm     .   (no cloak)
rCorr   .          Rampage  .   (no gloves)
Will    .....                   (no boots)
Stlth   +.........              (no amulet)
HPRegen 0.04/turn               (no ring)
MPRegen 0.08/turn               (no ring)

@: no status effects
A: fangs 2, magic shield, antimagic bite, no potion heal 2
a: no special abilities


You were on level 1 of the Dungeon.
You visited 1 branch of the dungeon, and saw 1 of its levels.

You collected 47 gold pieces.

Inventory:

Hand Weapons
 a - a +0 club
 g - a +0 dagger (weapon)
Armour
 b - a +0 leather armour (worn)
Wands
 c - a wand of flame (15) (quivered)
 d - a wand of charming (15)
Scrolls
 f - a scroll of noise {unknown}
Potions
 h - a potion of curing {unknown}
Miscellaneous
 e - a piece from Xom's chessboard (15/15)


   Skills:
 + Level 0.9 Fighting
 - Level 1.5 Armour
 - Level 0.7 Dodging
 - Level 1.2 Stealth
 + Level 3.3 Evocations


You had one spell level left.
You didn't know any spells.
Your spell library was empty.

Dungeon Overview and Level Annotations

Branches:
Dungeon (1/15)

Altars:


Innate Abilities, Weirdness & Mutations

You have extremely sharp teeth.
When hurt, damage is shared between your health and your magic reserves.
Your bite disrupts and absorbs the magic of your enemies.
Potions cannot restore your health.


Message History

You kill the ball python!
No target in view!
You see here a ball python corpse.
No target in view!
A bat comes into view.
Found 15 gold pieces.
A bat is nearby!
You hit the bat. Your bite misses the bat.
The bat is severely wounded.
The bat closely misses you. The bat barely misses you. The bat misses you.
You hit the bat but do no damage.
The bat is heavily wounded.
The bat hits you but does no damage. The bat barely misses you.
The bat closely misses you.
You closely miss the bat. You bite the bat.
You kill the bat!
No target in view!
No target in view!
You now have 31 gold pieces (gained 15).
Key pressed, stopping explore.
You see here 6 boomerangs.
You now have 47 gold pieces (gained 16).
A kobold comes into view. It is wielding a +0 short sword.
A kobold comes into view. It is wielding a +0 short sword.
A goblin comes into view. It is wielding a +0 club.
The goblin shouts!
The kobold shouts! x2
The kobold barely misses you.
You hit the kobold but do no damage. You bite the kobold. You drain its power.
The kobold is heavily wounded.
The goblin hits you with a +0 club. The kobold closely misses you.
The kobold hits you with a +0 short sword.
You are too injured to fight recklessly!
You are too injured to fight recklessly!
The goblin hits you with a +0 club.
* * * LOW HITPOINT WARNING * * *
The kobold hits you with a +0 short sword.
* * * LOW HITPOINT WARNING * * *
The goblin hits you with a +0 club.
You die...

#.##....#.#..####
#..#..#.........#
#.#...#.###..##.# ..
#............##.##.#
............###.##.#
####..####### #.##.#
####..### #.##.#
........# ##.##.#
#######.# #..@#.#
#.# #.#Kg.# #.#
#....K# #.# ####..#
#.# #..# # #.# #..#
#######.#########..#
.......#.>.........#
#####.###.########.#
###


You could see a goblin and 2 kobolds.

Vanquished Creatures
  2 bats (D:1)
  An endoplasm (D:1)
  A goblin (D:1)
  A hobgoblin (D:1)
  A ball python (D:1)
  A frilled lizard (D:1)
  A kobold (D:1)
  2 rats (D:1)
10 creatures vanquished.

Notes
Turn   | Place    | Note
-------+----------+-------------------------------------------
     0 | D:1      | miscthings the Vine Stalker Artificer began the quest for
                  | the Orb.
     0 | D:1      | Reached XP level 1. HP: 9/9 MP: 2/2
   132 | D:1      | Reached skill level 3 in Evocations
   197 | D:1      | Reached XP level 2. HP: 14/14 MP: 3/3
   326 | D:1      | Slain by a goblin

Illustrated notes

Levels and vault maps discovered:
D:1:      dpeg_arrival_water_altar, layout_loops_ring

Skill      XL: |  1 |
---------------+----+-----
Evocations     | 3 |  3.3
Fighting       | |  0.9
Armour         | |  1.5
Dodging        | |  0.7
Stealth        | |  1.2

Action                   || total
-------------------------++-------
Melee: Dagger            ||    16
       Club              ||     8
       Bite              ||     5
 Stab: Sleeping          ||     1
Armor: Leather armour    ||     5
Dodge: Dodged            ||    16

Table legend: (Time is in decaauts)
 A = Elapsed time spent in this place.
 B = Non-inter-level travel time spent in this place.
 C = Inter-level travel time spent in this place.
 D = Time resting spent in this place.
 E = Time spent auto-exploring this place.
 F = Levels seen in this place.
 G = Mean time per level.
                   A        B        C        D        E       F      G
               +--------+--------+--------+--------+--------+-----+--------+
         Total |    327 |    327 |      0 |      0 |    246 |   1 |  327.0 |
       Dungeon |    327 |    327 |      0 |      0 |    246 |   1 |  327.0 |
               +--------+--------+--------+--------+--------+-----+--------+

Top non-repeatable levels by time:
     D:1: 327 daAuts
